 Dungeon Crawl Stone Soup version 0.17.1-2-g5865329 (webtiles) character file.

155 Jerry the Ducker (level 5, 0/36 HPs)
             Began as an Octopode Fighter on Jan 28, 2016.
             Slain by a gnoll
             ... wielding a +0 halberd
              (8 damage)
             ... on level 2 of the Dungeon.
             The game lasted 00:05:59 (2193 turns).

Jerry the Ducker (Octopode Fighter)                 Turns: 2193, Time: 00:05:59

Health: 0/36       AC:  1    Str: 21    XL:     5   Next: 37%
Magic:  5/5        EV: 11    Int: 10    God:
Gold:   98         SH:  9    Dex: 12    Spells: 0 memorised, 4 levels left

rFire  . . .     SeeInvis .     m - +1 dagger (venom)
rCold  . . .     Clarity  .     b - +0 shield
rNeg   . . .     SustAt   .     (helmet restricted)
rPois  .         Gourm    .     (no amulet)
rElec  .         Spirit   .     (no ring)
rCorr  .         Warding  .     (no ring)
rMut   .         Stasis   .     (no ring)
MR     .....                    (no ring)
Stlth  ++........               (no ring)
                                (no ring)
                                (no ring)
                                (no ring)

@: mighty, not resistant to hostile enchantments, unstealthy
A: almost no armour, amphibious, 8 rings, constrict 8, camouflage 1, gelatinous
body 1
a: no special abilities


You were on level 2 of the Dungeon.
You were very hungry.

You visited 1 branch of the dungeon, and saw 2 of its levels.

You collected 98 gold pieces.

Inventory:

Hand Weapons
 a - a +0 long sword
 m - a +1 dagger of venom (weapon)
 q - a +0 falchion
Missiles
 n - 61 stones (quivered)
Armour
 b - a +0 shield (worn)
Scrolls
 f - 2 scrolls of amnesia {unknown}
 g - 7 scrolls of remove curse {unknown}
 i - a scroll of enchant weapon {unknown}
 j - 2 scrolls of identify {unknown}
 l - a scroll of random uselessness {unknown}
 p - 3 scrolls of magic mapping {unknown}
 t - a scroll of teleportation {unknown}
Potions
 e - a potion of cancellation {unknown}
 h - a potion of curing {unknown}
 k - 3 potions of degeneration {unknown}
 o - a potion of brilliance {unknown}
 s - a potion of mutation {unknown}
Comestibles
 d - 2 bread rations
 r - 2 meat rations


   Skills:
 - Level 3.0 Fighting
 + Level 1.6(2.4) Short Blades
 - Level 2.6(2.9) Long Blades
 + Level 4.2 Dodging
 + Level 4.2 Shields


You had 4 spell levels left.
You didn't know any spells.

Dungeon Overview and Level Annotations

Branches:
Dungeon (2/15)

Altars:


Innate Abilities, Weirdness & Mutations

You cannot wear most types of armour.
You are amphibious.
You can wear up to eight rings at the same time.
You can use your tentacles to constrict eight enemies at once.
Your skin changes colour to match your surroundings (Stealth).
Your rubbery body absorbs attacks (AC +1).


Message History

The gnoll is moderately wounded.
You constrict the gnoll. The gnoll closely misses you.
You block the gnoll's attack. The kobold hits you.
You hit the gnoll.
The gnoll looks even sicker.
You squeeze the gnoll.
You kill the gnoll!
You block the kobold's attack.
The gnoll hits you from afar with a halberd!
* * * LOW HITPOINT WARNING * * *
You are too injured to fight recklessly!
The kobold throws a stone.
You block the stone.
You see here 2 stones.
Drink which item? (? for menu, Esc to quit)
You feel very mighty all of a sudden.
You puncture the gnoll!
The gnoll is poisoned.
You grab the gnoll.
The gnoll is severely wounded.
You constrict the gnoll.
You kill the gnoll!
The kobold throws a stone.
You block the stone. The gnoll hits you with a halberd!
You die...

##†...#
#..........###.....# #...
##....###..........#
#.....# #...
#.......+..........#
#.....# #...
#†....###......#'###
#.....# #...
#.#............#.#
#.....# #...
#.#.############.#
#.....# #...
.................# .....#
#...
#.#.......###############
#...
#..............(@gK<.....
####
#.#........#######.......
#.#........# .......
#.#........# .......
#.#........# .......
#.#........# .......
#.#.#'###### .......
#...#.# ....... #####.#


You could see a gnoll and a kobold.

Vanquished Creatures
  Crazy Yiuf (D:2)
  3 gnolls (D:2)
  3 adders (D:2)
  2 oozes (D:1)
  3 worms (D:2)
  6 bats
  13 hobgoblins
  2 giant cockroaches
  2 giant newts
  6 goblins
  7 jackals
  4 kobolds (D:1)
  A quokka (D:2)
  8 rats
61 creatures vanquished.

Notes
Turn   | Place    | Note
--------------------------------------------------------------
     0 | D:1      | Jerry the Octopode Fighter began the quest for the Orb.
     0 | D:1      | Reached XP level 1. HP: 16/16 MP: 1/1
    89 | D:1      | Reached XP level 2. HP: 9/21 MP: 2/2
   659 | D:1      | Reached XP level 3. HP: 24/26 MP: 3/3
  1388 | D:2      | Noticed Crazy Yiuf
  1395 | D:2      | Killed Crazy Yiuf
  1395 | D:2      | Reached XP level 4. HP: 26/31 MP: 4/4
  1716 | D:2      | Found a faded altar to an unknown god.
  1765 | D:2      | Reached skill level 4 in Dodging
  1843 | D:2      | Reached skill level 1 in Short Blades
  1999 | D:2      | Reached XP level 5. HP: 26/36 MP: 5/5
  2193 | D:2      | Slain by a gnoll

Action                   |  1- 3 |  4- 6 || total
-------------------------+-------+-------++-------
Melee: Long sword        |    57 |       ||    57
       Dagger            |     8 |    60 ||    68
  Use: Potion            |       |     1 ||     1
 Stab: Sleeping          |     6 |     6 ||    12
  Eat: Chunk             |     1 |     2 ||     3
